 Dungeon Crawl Stone Soup version 0.28.0 (webtiles) character file.

Game seed: 16926629509642720725

19 Orban the Skirmisher (level 2, 0/27 HPs)
             Began as a Draconian Berserker on Aug 19, 2022.
             Was a Follower of Trog.
             Slain by a gnoll (3 damage)
             ... on level 2 of the Dungeon.
             The game lasted 00:03:27 (531 turns).

Orban the Skirmisher (Draconian Berserker)           Turns: 531, Time: 00:03:28

Health: 0/27       AC:  4    Str: 19    XL:     2   Next: 55%
Magic:  2/2        EV: 12    Int:  7    God:    Trog [*.....]
Gold:   23         SH:  0    Dex: 10    Spells: 1/1 levels left

rFire   + . .      SeeInvis .   a - +0 mace
rCold   + . .      Faith    .   (no shield)
rNeg    + . .      Spirit   .   (armour unavailable)
rPois   .          Reflect  .   (helmet restricted)
rElec   .          Harm     .   b - scarf {rC+ rF+}
rCorr   .          Rampage  .   (no gloves)
Will    +++..      Clarity  +   (no boots)
Stlth   +.........              c - amulet of the Four Winds {rN+ Will+++ Clar}
HPRegen 0.09/turn               (no ring)
MPRegen 0.08/turn               (no ring)

@: no status effects
A: AC +4, unfitting armour, cold-blooded
a: Renounce Religion, Berserk


You were on level 2 of the Dungeon.
You worshipped Trog.
Trog was aware of your devotion.
You visited 1 branch of the dungeon, and saw 2 of its levels.

You collected 23 gold pieces.

Inventory:

Hand Weapons
 a - a +0 mace (weapon)
Armour
 b - a scarf of resistance (worn)
Jewellery
 c - the amulet of the Four Winds (around neck) {rN+ Will+++ Clar}
   (You found it on level 2 of the Dungeon)

   [amulet of nothing]

   rN:        It protects you from negative energy.
   Clar:      It protects you against confusion.
   Will:      It greatly increases your willpower.
Scrolls
 d - a scroll of enchant weapon {unknown}


   Skills:
 * Level 3.8 Fighting
 * Level 3.3 Maces & Flails
 + Level 2.8 Dodging
 + Level 0.2 Stealth


You had one spell level left.
You didn't know any spells.
Your spell library contained the following spells:

 Spells                   Type           Power      Damage    Failure   Level
 Sandblast                Erth           0%         2d4       43%         1
 Passwall                 Tmut/Erth      0%         N/A       56%         2
 Frozen Ramparts          Ice            0%         1d2       80%         3
 Stone Arrow              Conj/Erth      0%         3d7       80%         3
 Ice Form                 Ice/Tmut       0%         N/A       99%         4
 Summon Ice Beast         Ice/Summ       0%         N/A       99%         4


Dungeon Overview and Level Annotations

Branches:
Dungeon (2/15)

Altars:


Innate Abilities, Weirdness & Mutations

Your plain brown scales are hard. (AC +4)
You cannot fit into any form of body armour.
You are cold-blooded and may be slowed by cold attacks.


Message History

You kill the goblin!
Trog accepts your kill.
You hit the kobold.
You kill the kobold!
Trog accepts your kill.
There is an open door here.
Things that are here:
a +0 whip; a +0 club
There is an open door here.
Things that are here:
a +0 whip; a +0 club
Okay, then.
You open the door.
A gnoll and a hobgoblin come into view.
The gnoll shouts!
The hobgoblin shouts!
Found a scroll of identify.
There is an open door here.
The hobgoblin hits you but does no damage.
The gnoll hits you from afar with a +0 spear.
You barely miss the hobgoblin. The hobgoblin hits you.
The gnoll closely misses you. The hobgoblin barely misses you.
You closely miss the hobgoblin.
Your tail-slap misses the hobgoblin.
The gnoll hits you but does no damage. The hobgoblin barely misses you.
The gnoll hits you from afar with a +0 spear!
You hit the hobgoblin.
The hobgoblin is severely wounded.
The hobgoblin hits you but does no damage.
The gnoll hits you from afar with a +0 spear.
* * * LOW HITPOINT WARNING * * *
You barely miss the hobgoblin.
Your tail-slap misses the hobgoblin.
The hobgoblin is severely wounded.
The hobgoblin barely misses you. The gnoll misses you.
You barely miss the hobgoblin.
The hobgoblin is severely wounded.
The hobgoblin misses you. The gnoll barely misses you.
You barely miss the hobgoblin.
The hobgoblin is severely wounded.
The hobgoblin barely misses you.
The gnoll hits you from afar with a +0 spear.
You die...

#.###########
#.# ###.
#.###....
#.#...####
#...###?.#
#..##.#..#
#..).(#.g#
#..##.#.g#
#...###.@#
#.....##'#
##.......#
#.###.........#
#.# #.....#####
#.# #.##### #.#
#.# #.# #.# #.#
#.#


You could see a gnoll and a hobgoblin.

Vanquished Creatures
  A worm (D:2)
  A dart slug (D:1)
  3 ball pythons
  2 goblins (D:2)
  2 hobgoblins (D:2)
  A bat (D:2)
  2 frilled lizards (D:2)
  A kobold (D:2)
  2 rats (D:1)
15 creatures vanquished.

Notes
Turn   | Place    | Note
-------+----------+-------------------------------------------
     0 | D:1      | Orban the Draconian Berserker began the quest for the Orb.
     0 | D:1      | Reached XP level 1. HP: 19/19 MP: 1/1
   237 | D:2      | Found the amulet of the Four Winds {rN+ Will+++ Clar}
   244 | D:2      | Reached XP level 2. HP: 14/26 MP: 2/2
   531 | D:2      | Slain by a gnoll

Illustrated notes

Levels and vault maps discovered:
D:1:      dpeg_arrival_chambers_temple_mockup, layout_loops_ring,
          chequers_ecumenical_altar_twisty, minmay_misc_feat_tiny
D:2:      layout_loops_cross, basic_altar, minmay_divided_ellipse

Action                   || total
-------------------------++-------
Melee: Mace              ||    47
       Tailslap          ||     4
  Use: Scroll            ||     1
       Potion            ||     1
Armor: Skin              ||    12
Dodge: Dodged            ||    24
